 Dungeon Crawl Stone Soup version 0.19.5 (webtiles) character file.

68725 equalderp2856 the Unseen (level 14, -3/72 HPs)
             Began as a Felid Fighter on Mar 15, 2017.
             Slain by a tentacle (22 damage)
             ... attached to a kraken
             ... on level 4 of the Shoals.
             The game lasted 07:11:49 (81046 turns).

equalderp2856 the Unseen (Felid Fighter)           Turns: 81046, Time: 07:11:50

Health: -3/72      AC:  8    Str: 13    XL:     14   Next: 87%
Magic:  29/29      EV: 32    Int: 13    God:
Gold:   3070       SH:  0    Dex: 18    Spells: 10 memorised, 10 levels left
                                        Lives:  0   Deaths: 4

rFire  . . .     SeeInvis +       - Unarmed
rCold  + . .     Gourm    .     (armour unavailable)
rNeg   . . .     Faith    .     (shield unavailable)
rPois  .         Spirit   .     (helmet unavailable)
rElec  .         Reflect  .     (cloak unavailable)
rCorr  .         Harm     .     (gloves unavailable)
MR     +++..                    (boots unavailable)
Stlth  ++++++++..               w - amulet of regeneration
                                A - +5 ring of protection
                                t - ring of protection from magic

@: barbed spikes, quick
A: no armour, no weapons or thrown items, stealth, claws 1, fangs 3, see
invisible, carnivore 3, speed 1, shaggy fur 3, slow metabolism 1, sharp paws
a: no special abilities


You were on level 4 of the Shoals.
You were not hungry.

You visited 6 branches of the dungeon, and saw 29 of its levels.
You also visited: Labyrinth.

You collected 3070 gold pieces.

Inventory:

Jewellery
 q - an uncursed ring of poison resistance
 t - a ring of protection from magic (left paw)
 w - an amulet of regeneration (around neck)
 A - a +5 ring of protection (right paw)
 B - an uncursed ring of protection from magic
 E - the ring of Xom's Entertainment {Fire rElec Str+4 SInv}
   (You found it on level 6 of the Lair of Beasts)

   [ring of fire]

   It enhances your fire magic.
   It affects your strength (+4).
   It protects you from fire.
   It makes you vulnerable to cold.
   It insulates you from electricity.
   It lets you see invisible.
 F - a +6 ring of intelligence
 O - an uncursed ring of protection from cold
 Q - a ring of the Octopus King {rCorr AC+1 EV+1 Str+1 Int+1 Dex+1, unknown}
   (You found it on level 2 of the Shoals)

   [ring of resist corrosion]

   It affects your AC (+1).
   It affects your evasion (+1).
   It affects your strength (+1).
   It affects your intelligence (+1).
   It affects your dexterity (+1).
 S - a +3 ring of strength
Wands
 e - a wand of lightning (9/15)
 f - a wand of lightning (13/15)
 g - a wand of flame (33/48)
 o - a wand of teleportation (1/9)
 s - a wand of iceblast (6/15)
 H - a wand of random effects (33/48)
 L - a wand of flame (12/48)
 P - a wand of confusion (22/48)
 Y - a wand of iceblast (5/15)
 Z - a wand of acid (8/15)
Scrolls
 h - 12 scrolls of identify
 i - 5 scrolls of teleportation
 j - 9 scrolls of recharging
 k - 8 scrolls of amnesia
 p - a scroll of immolation
 r - 12 scrolls of remove curse
 x - 5 scrolls of fear
Potions
 a - a potion of might
 c - 3 potions of flight
 d - 3 potions of curing
 l - 5 potions of brilliance
 m - 3 potions of cancellation
 n - 4 potions of lignification
 u - a potion of invisibility
 v - a potion of haste
 D - a potion of agility
 I - 2 potions of cure mutation
 K - a potion of berserk rage
 M - a potion of magic
 T - 2 potions of resistance
 U - 2 potions of ambrosia
Books
 y - a book of Conjurations

   Spells                             Type                      Level
   a - Magic Dart                     Conjuration                  1
   b - Searing Ray                    Conjuration                  2
   c - Dazzling Spray                 Conjuration/Hexes            3
   d - Fulminant Prism                Conjuration/Hexes            4
   e - Iskenderun's Mystic Blast      Conjuration                  4
   f - Iskenderun's Battlesphere      Conjuration/Charms           5
 z - a book of Callings

   Spells                             Type                      Level
   a - Summon Small Mammal            Summoning                    1
   b - Call Imp                       Summoning                    2
   c - Call Canine Familiar           Summoning                    3
   d - Summon Guardian Golem          Hexes/Summoning              3
   e - Summon Lightning Spire         Summoning/Air                4
   f - Summon Ice Beast               Ice/Summoning                4
 G - a book of Dreams

   Spells                             Type                      Level
   a - Ensorcelled Hibernation        Hexes/Ice                    2
   b - Silence                        Hexes/Air                    5
   c - Darkness                       Hexes                        6
   d - Shadow Creatures               Summoning                    6
 J - a book of the Earth

   Spells                             Type                      Level
   a - Leda's Liquefaction            Hexes/Earth                  4
   b - Bolt of Magma                  Conjuration/Fire/Earth       5
   c - Statue Form                    Transmutation/Earth          6
   d - Iron Shot                      Conjuration/Earth            6
   e - Shatter                        Earth                        9
 N - a book of Misfortune

   Spells                             Type                      Level
   a - Confusing Touch                Hexes                        1
   b - Confuse                        Hexes                        3
   c - Gell's Gravitas                Hexes/Translocation          3
   d - Petrify                        Transmutation/Earth          4
   e - Metabolic Englaciation         Hexes/Ice                    5
   f - Yara's Violent Unravelling     Hexes/Transmutation          5
 R - a book of Minor Magic

   Spells                             Type                      Level
   a - Magic Dart                     Conjuration                  1
   b - Blink                          Translocation                2
   c - Call Imp                       Summoning                    2
   d - Repel Missiles                 Charms/Air                   2
   e - Slow                           Hexes                        2
   f - Conjure Flame                  Conjuration/Fire             3
   g - Mephitic Cloud                 Conjuration/Poison/Air       3
 W - a book of Cantrips

   Spells                             Type                      Level
   a - Confusing Touch                Hexes                        1
   b - Animate Skeleton               Necromancy                   1
   c - Summon Small Mammal            Summoning                    1
   d - Apportation                    Translocation                1
 X - a book of Frost

   Spells                             Type                      Level
   a - Freeze                         Ice                          1
   b - Throw Frost                    Conjuration/Ice              2
   c - Ozocubu's Armour               Charms/Ice                   3
   d - Throw Icicle                   Conjuration/Ice              4
   e - Summon Ice Beast               Ice/Summoning                4
Miscellaneous
 V - a box of beasts
Comestibles
 b - 15 meat rations
 C - 12 beef jerkies


   Skills:
 + Level 14.3 Fighting
 + Level 15.2 Dodging
 + Level 19.7 Stealth
 + Level 13.0 Unarmed Combat
 + Level 10.7 Spellcasting
 + Level 7.1 Conjurations
 + Level 14.0 Hexes
 + Level 1.0 Charms
 + Level 5.7 Summonings
 + Level 3.1 Translocations
 + Level 8.2 Ice Magic
 + Level 0.6 Air Magic
 + Level 1.3 Evocations


You had 10 spell levels left.
You knew the following spells:

 Your Spells              Type           Power        Failure   Level  Hunger
a - Confusing Touch       Hex            #####.       1%          1    None
b - Confuse               Hex            #####...     1%          3    #......
c - Gell's Gravitas       Hex/Tloc       ####......   1%          3    #......
d - Magic Dart            Conj           ####         1%          1    None
e - Slow                  Hex            #####...     1%          2    None
f - Blink                 Tloc           N/A          6%          2    None
g - Call Imp              Summ           ###.....     1%          2    None
h - Repel Missiles        Chrm/Air       #.....       12%         2    None
i - Summon Ice Beast      Ice/Summ       ####....     8%          4    ###....
j - Throw Icicle          Conj/Ice       ####....     6%          4    ###....


Dungeon Overview and Level Annotations

Branches:
Dungeon (15/15)            Temple (1/1) D:7            Lair (6/6) D:11
 Shoals (4/4) Lair:4       Spider (1/4) Lair:3        Slime (0/5) Lair:5
    Orc (2/2) D:11            Elf (0/3) Orc:2        Vaults (0/5) D:14
 Depths (0/5) D:15

Altars:
Ashenzari
Cheibriados
Dithmenos
Elyvilon
Fedhas
Gozag
Hepliaklqana
Kikubaaqudgha
Makhleb
Nemelex Xobeh
Okawaru
Qazlal
Ru
Sif Muna
Trog
Uskayaw
Vehumet
Xom
Yredelemnul
Zin
The Shining One
Beogh
Jiyva

Shops:
D:11 }   D:12 !   D:13 (   D:14 (   Orc:2 ([:*

Portals:
Trove: D:13 (show abyssal rune of Zot)

Annotations:
D:14 exclusion: orange crystal statue
D:15 Rupert
Shoals:2 1 runed door
Shoals:3 Bai Suzhen; pib's ghost, adept MiBe


Innate Abilities, Weirdness & Mutations

You cannot wear armour.
You are incapable of wielding weapons or throwing items.
Your paws allow you to move quietly. (Stealth)
You have sharp claws.
You have razor-sharp teeth.
You have supernaturally acute eyesight. (SInv)
You are carnivorous and can eat meat at any time.
You cover ground quickly.
Your thick and shaggy fur keeps you warm. (AC +3, rC+)
You have a slow metabolism.
Your sharp claws are effective at attacking unaware monsters.


Message History

The manticore claws you.
The manticore completely misses you. 2 tentacles come into view.
Unknown command.
You scratch the manticore but do no damage.
The manticore appears confused.
You claw the manticore, but do no damage.
Your paws stop glowing. 2 tentacles come into view.
You claw the manticore!
You bite the manticore, but do no damage.
The manticore is moderately wounded.
The barbed spikes dig painfully into your body as you move.
The tentacle misses you.
A tentacle segment bursts forth from the water.
The manticore bites the tentacle!
The manticore claws the tentacle but does no damage.
The manticore claws the tentacle.
The tentacle slaps you!!
* * * LOW HITPOINT WARNING * * *
The tentacle slaps you!!
You die...

≈≈≈≈≈≈≈≈≈≈≈≈≈≈≈
≈≈≈≈≈≈≈≈≈≈≈≈≈≈≈
≈≈≈≈≈.≈≈≈≈≈≈≈≈≈
≈≈≈≈≈≈≈≈≈≈≈.≈≈≈≈≈≈≈
≈≈≈≈≈≈≈≈.Λ≈...≈≈≈≈≈≈
≈≈≈≈≈≈≈≈≈≈≈V.≈≈.≈≈≈≈≈≈≈
≈≈≈≈≈≈≈≈≈≈≈≈≈≈w..≈≈≈≈..
≈≈≈≈≈≈≈≈X≈≈≈≈─.@.≈≈≈...
≈≈≈≈≈≈≈≈≈≈≈≈*.wwH.≈≈≈..
≈≈≈≈≈≈≈≈≈≈.≈*w──#.......
≈≈≈≈≈≈≈≈≈≈≈.≈...##.......m
≈≈≈≈≈≈≈X≈≈.≈≈≈≈..(≈≈≈.....
≈≈PPP≈≈≈≈..≈≈≈..≈≈≈...#..
≈PPPP≈≈≈≈≈≈≈≈≈......###.
≈PP≈≈≈≈≈≈≈≈≈≈....###...#
P≈≈≈..≈≈≈≈≈≈≈≈..## #...#


You could see a kraken, a manticore (confused) and 4 tentacles.

Vanquished Creatures
  Polyphemus (Shoals:3)
  Kirke (Lair:4)
  2 ghost moths
  An orc warlord (Orc:2)
  2 entropy weavers (Spider:1)
  An ettin (Orc:2)
  Snorg (D:12)
  7 merfolk impalers
  2 merfolk javelineers (Shoals:4)
  2 great orbs of eyes
  Erolcha (D:12)
  10 hydras
  A fire dragon (D:14)
  2 ice dragons
  A catoblepas (Shoals:3)
  3 merfolk avatars
  5 centaur warriors
  2 satyrs (Shoals:3)
  3 merfolk aquamancers
  4 death yaks
  A tengu warrior (D:14)
  3 orc high priests (Orc:2)
  Sonja (Lair:1)
  Urug (D:15)
  2 skeletal warriors (D:15)
  10 sea snakes
  An unseen horror (D:11)
  A lindwurm (Lair:3)
  5 hill giants
  An oklob plant (Lair:1)
  7 cyclopes
  3 deep elf magi
  20 ugly things
  4 orc knights
  11 fauns
  11 manticores
  6 orc sorcerers (Orc:2)
  17 wolf spiders
  8 orb spiders (Spider:1)
  A black mamba (shapeshifter) (D:14)
  A moth of wrath (shapeshifter) (D:14)
  13 black mambas
  An elephant (Lair:5)
  Joseph (Lair:1)
  5 sirens
  2 water nymphs
  A gargoyle (D:14)
  A guardian serpent (Lair:6)
  17 spiny frogs
  A torpor snail (Lair:5)
  3 kobold demonologists
  14 komodo dragons
  4 demonic crawlers (Spider:1)
  2 rime drakes
  18 jumping spiders
  A tengu conjurer (D:14)
  10 polar bears
  4 two-headed ogres
  11 wind drakes
  30 merfolk
  4 trolls
  5 hornets (Lair:6)
  A harpy skeleton (D:15)
  4 raiju (Lair:6)
  2 slime creatures (D:15)
  12 blink frogs
  10 hippogriffs
  5 dream sheep
  11 snapping turtles
  8 tarantellas (Spider:1)
  9 water elementals
  A shadow (D:11)
  2 vampires
  40 redbacks
  A spriggan (D:8)
  2 tarantellas (shapeshifter)
  2 wraiths
  77 yaks
  10 wyverns
  3 hungry ghosts
  3 hogs
  A hill giant zombie (D:11)
  A steam dragon (D:11)
  7 vampire mosquitoes
  2 mottled dragons
  7 wargs
  23 water moccasins
  6 hell hounds (Lair:6)
  10 porcupines
  4 sky beasts
  16 black bears
  32 orc warriors
  10 ogres
  A boggart (shapeshifter) (D:14)
  11 wolves
  4 phantoms
  9 centaurs
  24 crocodiles
  17 bullfrogs
  A big kobold (shapeshifter) (D:14)
  A big kobold (D:11)
  An earth elemental (Orc:2)
  A wyvern skeleton (D:12)
  5 scorpions
  12 wights
  17 killer bees
  4 howler monkeys
  An electric eel (Lair:4)
  5 quasits
  5 centaur zombies
  4 crimson imps
  3 jellies
  4 bullfrog zombies
  6 centaur skeletons
  A gnoll shaman (D:8)
  15 orc priests
  6 bullfrog skeletons
  21 hounds
  5 iguanas
  Natasha (thrice) (D:4)
  16 orc wizards
  A statue (D:8)
  17 worker ants
  7 ogre zombies (D:11)
  4 hound zombies
  2 hound skeletons
  A howler monkey zombie (D:9)
  A worker ant zombie (D:11)
  4 gnolls
  27 adders
  A howler monkey skeleton (D:6)
  A river rat (Lair:6)
  2 shadow imps
  2 oozes
  An adder skeleton (D:4)
  7 worms
  4 dart slugs
  6 leopard geckos
  104 orcs
  A ball python (D:3)
  A bat zombie (D:5)
  2 giant cockroaches
  3 goblins
  16 hobgoblins
  11 jackals
  8 kobolds
  3 quokkas
  7 bats
  5 frilled lizards
  A giant cockroach zombie (D:5)
  4 goblin skeletons
  A goblin zombie (D:11)
  3 hobgoblin zombies (D:11)
  A jackal skeleton (D:6)
  A jackal zombie (D:10)
  A leopard gecko skeleton (D:7)
  3 orc skeletons (D:11)
  14 orc zombies (D:11)
  2 quokka skeletons
  12 rats
  3 fungi
  15 plants
1150 creatures vanquished.

Vanquished Creatures (collateral kills)
  A redback (Spider:1)
  A fungus (Lair:3)
2 creatures vanquished.

Vanquished Creatures (others)
  2 wolf spiders
  An orb spider (Spider:1)
  A siren (Shoals:4)
  2 merfolk (Shoals:3)
  2 humans (Lair:4)
  A killer bee (D:13)
  34 fungi
  36 plants
  10 tentacles (Shoals:4)
89 creatures vanquished.

Grand Total: 1241 creatures vanquished

Notes
Turn   | Place    | Note
-------+----------+-------------------------------------------
     0 | D:1      | equalderp2856 the Felid Fighter began the quest for the Orb.
     0 | D:1      | Reached XP level 1. HP: 10/10 MP: 2/2
   230 | D:1      | Reached XP level 2. HP: 14/14 MP: 3/3
   946 | D:1      | Reached XP level 3. HP: 13/17 MP: 4/4
  1301 | D:2      | Reached skill level 1 in Stealth
  1384 | D:2      | Reached skill level 2 in Stealth
  1782 | D:2      | Found a bloodstained altar of Trog.
  1868 | D:2      | Reached XP level 4. HP: 21/21 MP: 5/5
  2218 | D:2      | Found a hazy altar of Hepliaklqana.
  2483 | D:3      | Reached skill level 5 in Unarmed Combat
  2536 | D:3      | Found a snail-covered altar of Cheibriados.
  3366 | D:3      | Reached XP level 5. HP: 23/24 MP: 6/6
  3467 | D:3      | Reached skill level 3 in Stealth
  4508 | D:4      | Found a basalt altar of Yredelemnul.
  4523 | D:4      | Found an opulent altar of Gozag.
  4619 | D:4      | Found a shimmering altar of Xom.
  4678 | D:4      | Noticed Natasha
  4687 | D:4      | Killed Natasha
  4694 | D:4      | Reached skill level 4 in Stealth
  4694 | D:4      | Gained mutation: You are covered in thick fur. (AC +2) [Felid growth]
  4694 | D:4      | Reached XP level 6. HP: 21/28 MP: 7/7
  5020 | D:4      | Noticed Natasha
  5026 | D:4      | Killed Natasha
  5227 | D:4      | Noticed Natasha
  5237 | D:4      | Killed Natasha
  5525 | D:5      | Entered Level 5 of the Dungeon
  5527 | D:5      | Reached skill level 5 in Stealth
  5886 | D:4      | Reached skill level 5 in Dodging
  6023 | D:5      | Found an ancient bone altar of Kikubaaqudgha.
  6344 | D:5      | Reached XP level 7. HP: 6/31 MP: 8/8
  6918 | D:5      | Found a stormy altar of Qazlal.
  7249 | D:5      | Found a sacrificial altar of Ru.
  7838 | D:6      | Reached skill level 6 in Stealth
  7903 | D:6      | Reached XP level 8. HP: 26/35 MP: 9/9
  8495 | D:6      | Reached skill level 7 in Stealth
 10111 | D:7      | Found a staircase to the Ecumenical Temple.
 10141 | D:7      | Reached XP level 9. HP: 39/39 MP: 10/10
 10169 | D:7      | Reached skill level 1 in Evocations
 10499 | D:7      | Reached skill level 10 in Unarmed Combat
 10996 | D:8      | Reached skill level 8 in Stealth
 11205 | D:8      | Found a radiant altar of Vehumet.
 11649 | D:8      | Learned a level 1 spell: Confusing Touch
 11653 | D:8      | Learned a level 3 spell: Confuse
 11657 | D:8      | Learned a level 3 spell: Gell's Gravitas
 11726 | D:8      | Reached skill level 1 in Hexes
 11796 | D:8      | Reached skill level 1 in Spellcasting
 11898 | D:8      | Found a sacrificial altar of Ru.
 12933 | D:8      | Reached skill level 5 in Fighting
 13305 | D:9      | Learned a level 1 spell: Magic Dart
 13308 | D:9      | Learned a level 2 spell: Slow
 13311 | D:9      | Learned a level 2 spell: Blink
 13315 | D:9      | Learned a level 2 spell: Call Imp
 13318 | D:9      | Learned a level 2 spell: Repel Missiles
 13385 | D:9      | Found a hide-covered altar of Uskayaw.
 13919 | D:9      | Reached XP level 10. HP: 44/46 MP: 15/17
 14163 | D:9      | Noticed a moth of wrath
 14264 | D:9      | Found a bloodstained altar of Trog.
 14617 | D:9      | Found a glowing silver altar of Zin.
 14650 | D:10     | Entered Level 10 of the Dungeon
 14732 | D:10     | Noticed a hill giant
 14742 | D:10     | Killed a hill giant
 15446 | D:10     | Reached skill level 10 in Fighting
 16007 | D:11     | Found a staircase to the Lair.
 16196 | D:11     | Noticed an unseen horror
 16359 | D:11     | Found Ejuhi's Gadget Shop.
 16641 | D:11     | Found a staircase to the Orcish Mines.
 16695 | D:11     | Noticed a purple ugly thing
 16765 | D:10     | Killed a purple ugly thing
 16902 | D:11     | Reached XP level 11. HP: 47/55 MP: 18/18
 17739 | D:11     | Killed an unseen horror
 18601 | D:12     | Noticed a seven-headed hydra
 18608 | D:12     | Killed a seven-headed hydra
 18614 | D:12     | Found Titirug's Distillery.
 18653 | D:12     | Noticed a white ugly thing
 18686 | D:11     | Identified a scroll of acquirement
 19076 | D:12     | Noticed a deep elf mage
 19223 | D:12     | Killed a deep elf mage
 19535 | D:12     | Noticed a hill giant
 19612 | D:11     | Killed a hill giant
 19754 | D:12     | Killed a white ugly thing
 20217 | D:12     | Noticed a five-headed hydra
 20499 | D:11     | Gained mutation: Your thick and shaggy fur keeps you warm. (AC +3, rC+) [Felid growth]
 20499 | D:11     | Reached XP level 12. HP: 61/64 MP: 19/19
 21298 | D:12     | Killed a five-headed hydra
 21298 | D:12     | Reached skill level 9 in Stealth
 21447 | D:13     | Noticed a centaur warrior
 21473 | D:13     | Killed a centaur warrior
 21473 | D:13     | Reached skill level 10 in Stealth
 21485 | D:13     | Reached skill level 11 in Stealth
 21512 | D:13     | Noticed a centaur warrior
 21513 | D:13     | Noticed Erolcha
 21520 | D:13     | Shot with an arrow by a centaur warrior
 21521 | D:13     | Reached XP level 11. HP: -3/60 MP: 18/18
 22016 | D:12     | Reached skill level 12 in Stealth
 22189 | D:12     | Killed Erolcha
 22189 | D:12     | Reached skill level 13 in Stealth
 22478 | D:13     | Killed a centaur warrior
 22478 | D:13     | Reached skill level 14 in Stealth
 23023 | D:13     | Found Kissiow's Antique Weapon Shoppe.
 23122 | D:13     | Noticed Snorg
 23247 | D:13     | Noticed a seven-headed hydra
 23845 | D:12     | Noticed a hill giant
 23858 | D:12     | Killed a hill giant
 23858 | D:12     | Reached skill level 15 in Stealth
 23898 | D:13     | Reached skill level 5 in Hexes
 24037 | D:12     | Killed Snorg
 24178 | D:13     | Noticed a six-headed hydra
 24870 | D:13     | Killed a seven-headed hydra
 25009 | D:13     | Found a portal to a secret trove of treasure.
 25406 | D:13     | Killed a six-headed hydra
 25406 | D:13     | Reached skill level 16 in Stealth
 25465 | D:14     | Noticed a deep elf mage
 25469 | D:14     | Killed a deep elf mage
 25469 | D:14     | Reached skill level 5 in Spellcasting
 25469 | D:14     | Reached XP level 12. HP: 64/64 MP: 12/20
 25701 | D:14     | Found Nogrun's Weapon Shoppe.
 26020 | Lair:1   | Entered Level 1 of the Lair of Beasts
 26022 | Lair:1   | Noticed Joseph
 26041 | Lair:1   | Killed Joseph
 26105 | Lair:1   | Noticed a seven-headed hydra
 26114 | Lair:1   | Killed a seven-headed hydra
 26775 | Lair:1   | Noticed Sonja
 26779 | Lair:1   | Killed Sonja
 27700 | D:14     | Reached skill level 17 in Stealth
 28081 | D:14     | Found a gate to the Vaults.
 28525 | D:14     | Noticed a six-headed hydra
 28526 | D:14     | Noticed an ettin
 28526 | D:14     | a six-headed hydra changed into an ettin
 28532 | D:14     | Noticed an anaconda
 28534 | D:14     | an anaconda changed into a tyrant leech
 28539 | D:14     | Noticed a great orb of eyes
 28539 | D:14     | a tyrant leech changed into a great orb of eyes
 28541 | D:14     | Noticed a spark wasp
 28541 | D:14     | a great orb of eyes changed into a spark wasp
 28558 | D:13     | HP: 2/64 [spark wasp (glowing shapeshifter) (13)]
 28800 | D:14     | Noticed a tengu warrior
 28804 | D:13     | a spark wasp changed into a water nymph
 28806 | D:13     | Noticed a ghost crab
 28806 | D:13     | a water nymph changed into a ghost crab
 28841 | D:13     | Noticed a minotaur
 29137 | D:13     | Noticed a ghost moth
 29137 | D:13     | a minotaur changed into a ghost moth
 29139 | D:13     | Noticed a storm dragon
 29139 | D:13     | a ghost moth changed into a storm dragon
 29459 | D:13     | Noticed an ice dragon
 29715 | D:14     | Noticed a centaur warrior
 29728 | D:14     | Killed a centaur warrior
 29998 | D:13     | Killed an ice dragon
 30077 | D:14     | Killed a tengu warrior
 30205 | D:15     | Entered Level 15 of the Dungeon
 30550 | D:15     | Reached XP level 13. HP: 67/67 MP: 21/23
 30663 | D:15     | Noticed Rupert
 30678 | D:15     | Paralysed by Rupert for 3 turns
 31335 | D:10     | Learned a level 4 spell: Summon Ice Beast
 31340 | D:10     | Learned a level 4 spell: Throw Icicle
 31543 | Lair:2   | Found a labyrinth entrance.
 31581 | Lab      | Entered a labyrinth
 32211 | Lab      | Noticed a minotaur
 32242 | Lab      | Identified Zucaeta's Disquisition on Glacial Intoxication
 32242 | Lab      | Identified the Tome of Earthen Hexes
 32755 | Lair:2   | Reached skill level 1 in Ice Magic
 32759 | Lair:2   | Reached skill level 1 in Summonings
 33588 | Lair:3   | Found a hole to the Spider Nest.
 35686 | Lair:4   | Reached skill level 5 in Ice Magic
 36558 | Lair:4   | Noticed Kirke
 37179 | Lair:4   | Noticed a sphinx
 37189 | Lair:4   | Killed Kirke
 37394 | Lair:4   | Found a staircase to the Shoals.
 37411 | Lair:4   | Reached skill level 5 in Summonings
 39870 | Lair:5   | Reached XP level 14. HP: 69/72 MP: 23/25
 40964 | Lair:5   | Found a viscous altar of Jiyva.
 40964 | Lair:5   | Found a staircase to the Slime Pits.
 41311 | Lair:6   | Entered Level 6 of the Lair of Beasts
 41591 | Lair:6   | Reached skill level 1 in Conjurations
 43351 | Lair:6   | Reached skill level 5 in Conjurations
 44821 | Lair:6   | Reached skill level 1 in Translocations
 45122 | Lair:6   | Reached skill level 18 in Stealth
 47315 | Lair:6   | Got an ancient lead ring
 47696 | Lair:1   | Identified the ring of Xom's Entertainment {Fire rElec Str+4 SInv} (You found it on level 6 of the Lair of Beasts)
 49020 | Orc:1    | Entered Level 1 of the Orcish Mines
 49062 | Orc:2    | Entered Level 2 of the Orcish Mines
 49062 | Orc:2    | Found Welathross's Antique Weapon Shop.
 49062 | Orc:2    | Found a staircase to the Elven Halls.
 49062 | Orc:2    | Noticed an orc warlord
 50054 | Orc:2    | Paralysed by an orc sorcerer for 3 turns
 50055 | Orc:2    | Mangled by an orc warrior
 50056 | Orc:2    | Reached XP level 13. HP: -6/67 MP: 25/25
 50162 | Orc:2    | Found Woadamau's Antique Armour Shoppe.
 50561 | Orc:2    | Found Omur Duss's Book Emporium.
 50936 | Orc:2    | Reached XP level 14. HP: 72/72 MP: 26/26
 51517 | Orc:2    | Killed an orc warlord
 51517 | Orc:2    | Reached skill level 10 in Hexes
 53257 | Orc:2    | Found Mim Riaf's General Store.
 54204 | Orc:1    | Found a roughly hewn altar of Beogh.
 55606 | D:15     | Reached skill level 10 in Dodging
 56780 | D:15     | Noticed Urug
 56808 | D:15     | Killed Urug
 58337 | D:15     | Found a staircase to the Depths.
 58667 | Temple   | Entered the Ecumenical Temple
 59316 | Spider:1 | Entered Level 1 of the Spider Nest
 59316 | Spider:1 | Noticed a ghost moth
 59461 | Spider:1 | Killed a ghost moth
 60196 | Spider:1 | Reached XP level 15. HP: 75/75 MP: 5/28
 62273 | Spider:1 | Noticed a ghost moth
 62319 | Lair:3   | Killed a ghost moth
 63214 | Spider:1 | HP: 2/75 [entropy weaver (14)]
 68698 | Shoals:1 | Entered Level 1 of the Shoals
 69720 | Shoals:1 | Reached skill level 19 in Stealth
 70501 | Lair:4   | Reached skill level 15 in Dodging
 70707 | Shoals:1 | Reached XP level 16. HP: 80/80 MP: 30/30
 70912 | Shoals:1 | Noticed a kraken
 72252 | Shoals:2 | Got a ring of the Octopus King
 73632 | Shoals:2 | Reached skill level 10 in Spellcasting
 74522 | Shoals:2 | Found a runed door.
 75928 | Shoals:3 | Noticed pib's ghost (adept MiBe)
 76664 | Shoals:3 | Noticed Polyphemus
 77121 | Shoals:3 | Killed Polyphemus
 78144 | Shoals:4 | Entered Level 4 of the Shoals
 79194 | Shoals:4 | Noticed a kraken
 79207 | Shoals:4 | Noticed Bai Suzhen
 79211 | Shoals:4 | Mangled by a merfolk
 79212 | Shoals:4 | Reached XP level 15. HP: -8/76 MP: 22/30
 80079 | Shoals:4 | Reached skill level 1 in Charms
 80147 | Shoals:4 | Noticed a kraken
 80994 | Shoals:3 | Hit by a javelin of returning thrown by a merfolk javelineer
 80995 | Shoals:3 | Reached XP level 14. HP: -2/72 MP: 29/29
 81046 | Shoals:4 | Slain by a tentacle

Skill      XL: |  1  2  3  4  5  6  7  8  9 10 11 12 13 14 15 16 |
---------------+-------------------------------------------------+-----
Stealth        | 2 4 5 6 7 8 16 17 18 19 | 19.7
Unarmed Combat | 5 6 8 9 10 11 12 13 | 13.0
Dodging        | 5 6 7 8 13 15 | 15.2
Fighting       | 4 6 10 14 | 14.3
Evocations     | 1 |  1.3
Hexes          | 4 6 8 10 14 13 | 14.0
Spellcasting   | 4 5 6 8 9 10 | 10.7
Ice Magic      | 7 8 |  8.2
Summonings     | 5 |  5.7
Conjurations   | 6 7 |  7.1
Translocations | 1 2 3 |  3.1
Charms         | 1 |  1.0
Air Magic      | |  0.6

Action                   |  1- 3 |  4- 6 |  7- 9 | 10-12 | 13-15 | 16-18 || total
-------------------------+-------+-------+-------+-------+-------+-------++-------
Melee: Unarmed           |    93 |   216 |   413 |  1051 |  2461 |   410 ||  4644
       Bite              |     8 |    22 |    50 |   137 |   336 |    66 ||   619
       Punch             |       |     2 |    14 |    57 |   190 |    39 ||   302
 Cast: Confusing Touch   |       |       |    15 |   116 |   423 |    79 ||   633
       Magic Dart        |       |       |     9 |    29 |    86 |    17 ||   141
       Confuse           |       |       |       |   114 |   312 |    94 ||   520
       Repel Missiles    |       |       |       |     5 |    19 |     5 ||    29
       Gell's Gravitas   |       |       |       |     2 |     1 |       ||     3
       Slow              |       |       |       |     2 |   157 |    20 ||   179
       Blink             |       |       |       |     1 |    22 |    22 ||    45
       Throw Icicle      |       |       |       |       |   175 |    92 ||   267
       Call Imp          |       |       |       |       |     5 |     2 ||     7
Evoke: Wand              |       |     1 |     3 |     8 |       |     1 ||    13
  Use: Scroll            |       |    10 |     6 |    19 |    13 |       ||    48
       Potion            |       |     2 |     1 |     1 |     8 |     5 ||    17
 Stab: Sleeping          |     3 |    12 |    18 |    21 |    50 |     9 ||   113
       Distracted        |       |     1 |     4 |     3 |    10 |     1 ||    19
       Confused          |       |       |     8 |   103 |   324 |    62 ||   497
       Held in net/web   |       |       |       |       |     3 |       ||     3
  Eat: Chunk             |     9 |     7 |    14 |    38 |    89 |    29 ||   186
       Pizza             |       |       |       |     3 |     6 |     1 ||    10
       Meat ration       |       |       |       |     1 |     1 |       ||     2
       Beef jerky        |       |       |       |       |    11 |       ||    11
Armor: Skin              |     1 |     9 |     9 |    27 |   153 |    31 ||   230
Dodge: Dodged            |    72 |   163 |   285 |   757 |  2067 |   266 ||  3610
       Deflected         |       |       |       |    10 |    40 |     9 ||    59
